 Dungeon Crawl Stone Soup version 0.31-a0-431-g88bdf31460 (webtiles) character file.

Game seed: 13234339095992778277

744 Maratek the Ruffian (level 7, 0/67 HPs)
             Began as a Troll Fighter on July 31, 2023.
             Slain by a gnoll
             ... wielding a +0 spear
             ... led by a gnoll sergeant
              (3 damage)
             ... on level 5 of the Dungeon.
             The game lasted 00:06:47 (3188 turns).

Maratek the Ruffian (Troll Fighter)                 Turns: 3188, Time: 00:06:48

Health: 0/67       AC:  4    Str: 27    XL:     7   Next: 47%
Magic:  6/6        EV:  9    Int:  4    God:
Gold:   299        SH:  8    Dex:  9    Spells: 6/6 levels left

rFire   . .          .
                       - Unarmed
rCold   . . .        b - +0 kite shield
rNeg    . . .        a - +0 robe
rPois   .            (helmet restricted)
rElec   .            (no cloak)
rCorr   .            (gloves unavailable)
SInv    .            (boots unavailable)
Will    .....        p - amulet of the acrobat
Stlth   +            (no ring)
HPRegen 1.11/turn    (no ring)
MPRegen 0.10/turn

%: acrobat
@: no status effects
A: large, unfitting armour, claws 3, regeneration 1, shaggy fur 1, tough skin 1
a: no special abilities


You were on level 5 of the Dungeon.
You visited 1 branch of the dungeon, and saw 6 of its levels.

You collected 299 gold pieces.

Inventory:

Armour
 a - a +0 robe (worn)
 b - a +0 kite shield (worn)
Jewellery
 p - an amulet of the acrobat (around neck)
Wands
 A - a wand of charming (7)
Scrolls
 e - a scroll of brand weapon {unknown}
 g - 5 scrolls of teleportation {unknown}
 h - 6 scrolls of identify {unknown}
 i - a scroll of amnesia {unknown}
 l - 3 scrolls of fear {unknown}
 n - a scroll of poison {unknown}
 o - a scroll of enchant weapon {unknown}
 q - 2 scrolls of vulnerability {unknown}
 r - a scroll of noise {unknown}
 v - a scroll of fog {unknown}
 x - 2 scrolls of enchant armour {unknown}
 y - a scroll of immolation {unknown}
Potions
 c - a potion of might
 d - 2 potions of attraction {unknown}
 f - a potion of invisibility {unknown}
 j - 3 potions of haste {unknown}
 k - 3 potions of curing {unknown}
 m - a potion of berserk rage {unknown}
 s - a potion of lignification {unknown}
 t - a potion of degeneration {unknown}
 u - a potion of ambrosia {unknown}
 w - a potion of heal wounds {unknown}
 z - 3 potions of brilliance {unknown}


   Skills:
 + Level 3.2 Fighting
 + Level 4.0 Dodging
 + Level 0.5 Stealth
 + Level 4.5 Shields
 + Level 5.6 Unarmed Combat


You had 6 spell levels left.
You didn't know any spells.
Your spell library contained the following spells:

 Spells                   Type           Power      Damage    Failure   Level
 Shock                    Conj/Air       0%         1d3       73%         1
 Swiftness                Air            0%         N/A       97%         3
 Airstrike                Air            0%         2d(0-16)  100%        4


Dungeon Overview and Level Annotations

Branches:
Dungeon (6/15)
 Temple: D:4-7

Altars:
Cheibriados
Yredelemnul

Annotations:
D:4 Sigmund


Innate Abilities, Weirdness & Mutations

You are too large for most types of armour.
You have claws for hands.
Your natural rate of healing is unusually fast.
You are covered in fur. (AC +1)
You have tough skin. (AC +1)


Message History

You scratch the gnoll sergeant.
The gnoll sergeant is lightly wounded.
The gnoll hits you but does no damage. You block the gnoll's attack.
The gnoll sergeant hits you with a +0 spear!
You claw the gnoll sergeant!
The gnoll sergeant is almost dead.
The gnoll hits you but does no damage.
The gnoll sergeant hits you with a +0 spear.
You block the gnoll's attack.
You closely miss the gnoll sergeant.
The gnoll sergeant is almost dead.
The gnoll hits you with a +0 club.
The gnoll sergeant hits you with a +0 spear.
The gnoll hits you from afar with a +0 spear.
The gnoll hits you from afar with a +0 halberd.
You scratch the gnoll sergeant.
You kill the gnoll sergeant!
The gnoll closely misses you. The gnoll hits you but does no damage.
The gnoll hits you from afar with a +0 spear.
Your Dodging skill increases to level 4!
You block the gnoll's attack. The gnoll completely misses you.
You block the gnoll's attack.
Things that are here:
a +0 spear; a +0 scale mail; a +0 kite shield The gnoll attacks as you move away!
The gnoll misses you.
You block the gnoll's attack. x2; The gnoll misses you.
Items here: )) ††.
The gnoll attacks as you move away! The gnoll misses you.
You completely miss the gnoll.
The gnoll hits you from afar with a +0 halberd!
* * * LOW HITPOINT WARNING * * *
You block the gnoll's attack.
You barely miss the gnoll.
The gnoll hits you from afar with a +0 halberd!
* * * LOW HITPOINT WARNING * * *
The gnoll hits you but does no damage. The gnoll closely misses you.
You mangle the gnoll!!
You kill the gnoll!
The gnoll hits you from afar with a +0 spear.
You die...

. g.# #########
....####......g#####
g.....g.....#.g)@..#####
..........#######......#
........### ###....#
###....## #....# #####
##..## #### ##...#
##..## ##...## #....#
#..### ##....## ###.##


You could see 2 gnolls.

Vanquished Creatures
  An ogre (D:5)
  2 scorpions (D:5)
  A gnoll sergeant (D:5)
  3 orc priests
  A jelly (D:3)
  3 sleepcaps (D:5)
  3 iguanas
  2 orc wizards
  3 gnolls (D:5)
  8 adders
  A worm (D:2)
  3 dart slugs
  11 orcs
  4 bats
  4 endoplasms
  3 giant cockroaches
  4 hobgoblins
  4 jackals (D:1)
  A quokka (D:4)
  6 ball pythons
  5 frilled lizards
  2 goblins
  5 kobolds
  2 rats (D:2)
82 creatures vanquished.

Notes
Turn   | Place    | Note
-------+----------+-------------------------------------------
     0 | D:1      | Maratek the Troll Fighter began the quest for the Orb.
     0 | D:1      | Reached XP level 1. HP: 22/22 MP: 0/0
   247 | D:1      | Reached XP level 2. HP: 29/29 MP: 1/1
   621 | D:2      | Reached XP level 3. HP: 36/36 MP: 2/2
   695 | D:2      | Found a faded altar of an unknown god.
  1008 | D:3      | Reached skill level 3 in Unarmed Combat
  1008 | D:3      | Reached XP level 4. HP: 28/44 MP: 3/3
  1175 | D:3      | Found a snail-covered altar of Cheibriados.
  1399 | D:3      | Reached XP level 5. HP: 52/52 MP: 4/4
  1610 | D:3      | Identified the +4 dagger "Atuwunik" {holy, Str+2}
  2003 | D:3      | You fall into a shaft and drop 3 floors!
  2006 | D:5      | Entered Level 5 of the Dungeon
  2034 | D:5      | Noticed an ogre
  2043 | D:5      | Reached skill level 4 in Unarmed Combat
  2047 | D:5      | Killed an ogre
  2048 | D:5      | Reached XP level 6. HP: 28/59 MP: 5/5
  2330 | D:4      | Noticed Sigmund
  2339 | D:4      | Found a basalt altar of Yredelemnul.
  2730 | D:5      | Reached skill level 5 in Unarmed Combat
  2730 | D:5      | Reached XP level 7. HP: 65/67 MP: 6/6
  3187 | D:5      | HP: 2/67 [gnoll/+0 halberd[a gnoll sergeant] (13)]
  3188 | D:5      | Slain by a gnoll

Illustrated notes

Levels and vault maps discovered:
D:1:      dreamdust_arrival_sigmund_warning, layout_basic
D:2:      layout_rooms, hellmonk_ecumenical_altar_run_dry
D:3:      layout_basic, kennysheep_slug_shrine
D:4:      layout_cave_pools, mainiacjoe_overflow_alcove_1, uniq_duvessa,
          uniq_sigmund
D:5:      layout_layer_cave, uniq_grinder
D:6:      layout_basic, gammafunk_temple_overflow_wave,
          minmay_temple_entry_butterflies, minmay_mini_ossuary

Skill      XL: |  1  2  3  4  5  6  7 |
---------------+----------------------+-----
Shields        | 3 4 |  4.5
Dodging        | 3 4 |  4.0
Unarmed Combat | 3 4 5 |  5.6
Fighting       | 3 |  3.2
Stealth        | |  0.5

Action                     |  1- 3 |  4- 6 |  7- 9 || total
---------------------------+-------+-------+-------++-------
  Melee: Unarmed           |    68 |   116 |    37 ||   221
 Armour: Robe              |    20 |    20 |    11 ||    51
  Dodge: Dodged            |    14 |    63 |    22 ||    99
  Block: Kite shield       |    20 |    50 |    23 ||    93

Table legend: (Time is in decaauts)
 A = Elapsed time spent in this place.
 B = Non-inter-level travel time spent in this place.
 C = Inter-level travel time spent in this place.
 D = Time resting spent in this place.
 E = Time spent auto-exploring this place.
 F = Levels seen in this place.
 G = Mean time per level.
                   A        B        C        D        E       F      G
               +--------+--------+--------+--------+--------+-----+--------+
         Total |   3198 |   3106 |     92 |    373 |   1848 |   6 |  533.0 |
       Dungeon |   3198 |   3106 |     92 |    373 |   1848 |   6 |  533.0 |
               +--------+--------+--------+--------+--------+-----+--------+

Top non-repeatable levels by time:
     D:3: 1239 daAuts
     D:5: 715 daAuts
     D:1: 514 daAuts
     D:2: 444 daAuts
     D:4: 282 daAuts
     D:6: 2 daAuts
